General information
- name: BNet
- type: Ladder team game (AT/RT)
- host: Battle.net
- saver: HORSEDlCK.avi
map: RiverOfSouls
- players: 6
- length: 54:44
- speed: Fast
- version: 1.24 W3XP
- replay type: Public
» download(405 KB)
Players
team 1 (winner)
FedexsASSFACE (
teal | 134 APM | 7352 actions | 54:43)
5 Archmage
3 Blizzard
2 Brilliance Aura
5 Pit Lord
3 Rain of Fire
2 Cleaving Attack
3 Blood Mage
1 Flame Strike
2 Siphon Mana
» actions
| Assign group hotkey | 35 | |
| Basic commands | 40 | |
| Build / train | 107 | |
| ESC pressed | 14 | |
| Enter build submenu | 72 | |
| Enter hero's abilities submenu | 13 | |
| Give item / drop item | 10 | |
| Right click | 3369 | |
| Select / deselect | 434 | |
| Select group hotkey | 2921 | |
| Use ability | 337 | |
7352 total
» units
| Peasant | 15 | |
| Sorceress | 4 | |
| Priest | 10 | |
29 total
» upgrades
| Masonry | 3 | |
| Lumber Harvesting | 1 | |
| Magic Sentry | 1 | |
| Sorceress Training | 1 | |
| Priest Training | 3 | |
9 total
» buildings
| Altar of Kings | 4 | |
| Farm | 18 | |
| Lumber Mill | 2 | |
| Scout Tower | 47 | |
| Arcane Tower | 4 | |
| Guard Tower | 19 | |
| Keep | 2 | |
| Castle | 1 | |
| Arcane Sanctum | 2 | |
| Arcane Vault | 1 | |
100 total
» build order
00:08 Altar of Kings
00:25 Farm
00:50 Farm
00:56 Lumber Mill
01:06 Scout Tower
01:34 Arcane Tower
01:43 Scout Tower
02:21 Guard Tower
02:22 Scout Tower
02:30 Scout Tower
03:03 Scout Tower
03:04 Scout Tower
03:06 Guard Tower
03:11 Scout Tower
03:33 Scout Tower
03:34 Scout Tower
04:37 Keep
04:37 Keep
04:39 Guard Tower
04:39 Guard Tower
05:03 Scout Tower
05:04 Scout Tower
05:05 Guard Tower
05:06 Arcane Tower
06:07 Guard Tower
06:09 Scout Tower
06:09 Scout Tower
06:22 Farm
06:23 Farm
06:24 Scout Tower
06:26 Farm
06:55 Guard Tower
07:41 Castle
07:42 Guard Tower
07:44 Arcane Sanctum
08:13 Scout Tower
08:13 Scout Tower
08:47 Guard Tower
08:48 Scout Tower
08:48 Scout Tower
09:04 Scout Tower
09:05 Scout Tower
10:33 Arcane Vault
10:34 Guard Tower
10:37 Scout Tower
10:38 Arcane Tower
10:39 Guard Tower
10:56 Scout Tower
10:57 Scout Tower
12:05 Farm
12:13 Arcane Tower
12:24 Scout Tower
12:24 Scout Tower
12:54 Scout Tower
12:54 Scout Tower
12:56 Scout Tower
12:58 Guard Tower
13:21 Scout Tower
13:31 Guard Tower
15:11 Farm
15:42 Farm
15:51 Guard Tower
17:55 Guard Tower
19:35 Scout Tower
20:41 Scout Tower
20:42 Scout Tower
20:42 Scout Tower
20:43 Scout Tower
20:54 Scout Tower
20:59 Scout Tower
21:01 Scout Tower
21:01 Scout Tower
21:02 Scout Tower
21:03 Scout Tower
21:12 Guard Tower
21:14 Scout Tower
21:26 Guard Tower
21:41 Scout Tower
21:41 Scout Tower
21:42 Scout Tower
21:43 Scout Tower
21:43 Scout Tower
21:45 Guard Tower
22:05 Scout Tower
22:40 Guard Tower
23:11 Lumber Mill
23:55 Arcane Sanctum
24:45 Altar of Kings
24:51 Altar of Kings
25:21 Farm
25:23 Farm
27:15 Farm
27:15 Farm
27:47 Farm
27:48 Farm
44:05 Altar of Kings
44:17 Farm
44:19 Farm
44:20 Farm
45:19 Farm
» items
| Healing Salve | 3 | |
| Lesser Clarity Potion | 2 | |
| Boots of Speed | 3 | |
| Circlet of Nobility | 3 | |
| Scroll of Speed | 1 | |
| Orb of Lightning | 3 | |
| Staff of Teleportation | 3 | |
| Staff of Sanctuary | 3 | |
| Potion of Lesser Invulnerability | 2 | |
| Scroll of Regeneration | 2 | |
25 total
gosu. (
yellow | 92 APM | 5058 actions | 54:43)
6 Blademaster
3 Wind Walk
2 Critical Strike
1 Bladestorm
» actions
| Assign group hotkey | 52 | |
| Basic commands | 9 | |
| Build / train | 52 | |
| ESC pressed | 2 | |
| Enter build submenu | 48 | |
| Enter hero's abilities submenu | 6 | |
| Give item / drop item | 2 | |
| Right click | 3949 | |
| Select / deselect | 295 | |
| Select group hotkey | 217 | |
| Use ability | 426 | |
5058 total
» units
» upgrades
| Ranged Weapons | 3 | |
| Liquid Fire | 1 | |
4 total
» buildings
| Orc Burrow | 6 | |
| Altar of Storms | 2 | |
| War Mill | 1 | |
| Voodoo Lounge | 2 | |
| Watch Tower | 26 | |
| Stronghold | 1 | |
| Fortress | 2 | |
| Beastiary | 2 | |
42 total
» build order
00:05 Orc Burrow
00:08 Altar of Storms
00:54 War Mill
01:12 Voodoo Lounge
02:07 Watch Tower
02:47 Watch Tower
03:11 Watch Tower
03:18 Orc Burrow
03:27 Watch Tower
04:19 Watch Tower
04:41 Voodoo Lounge
04:56 Stronghold
05:06 Watch Tower
05:08 Watch Tower
05:35 Watch Tower
06:03 Watch Tower
06:20 Watch Tower
06:21 Watch Tower
06:43 Watch Tower
07:22 Fortress
07:23 Fortress
07:27 Beastiary
07:52 Watch Tower
08:21 Beastiary
08:43 Watch Tower
09:01 Watch Tower
10:15 Watch Tower
10:38 Watch Tower
11:24 Watch Tower
12:09 Watch Tower
12:26 Orc Burrow
12:29 Orc Burrow
13:17 Watch Tower
14:02 Watch Tower
14:04 Watch Tower
14:06 Watch Tower
16:42 Watch Tower
16:43 Watch Tower
16:44 Watch Tower
21:36 Altar of Storms
22:34 Orc Burrow
41:56 Orc Burrow
» items
| Healing Salve | 3 | |
| Circlet of Nobility | 1 | |
| Boots of Speed | 1 | |
| Lesser Clarity Potion | 2 | |
| Orb of Lightning | 1 | |
| Potion of Mana | 1 | |
| Staff of Teleportation | 1 | |
| Potion of Healing | 2 | |
| Potion of Lesser Invulnerability | 1 | |
13 total
HORSEDlCK.avi (
orange | 68 APM | 3748 actions | 54:44)
5 Archmage
3 Blizzard
2 Brilliance Aura
5 Pit Lord
3 Rain of Fire
2 Cleaving Attack
4 Blood Mage
2 Flame Strike
2 Siphon Mana
» actions
| Assign group hotkey | 6 | |
| Basic commands | 3 | |
| Build / train | 105 | |
| Enter build submenu | 55 | |
| Enter hero's abilities submenu | 15 | |
| Give item / drop item | 11 | |
| Right click | 2388 | |
| Select / deselect | 476 | |
| Select group hotkey | 388 | |
| Use ability | 301 | |
3748 total
» units
| Peasant | 14 | |
| Dragonhawk Rider | 5 | |
| Priest | 2 | |
21 total
» upgrades
| Masonry | 3 | |
| Cloud | 1 | |
| Magic Sentry | 1 | |
| Lumber Harvesting | 1 | |
| Priest Training | 1 | |
| Animal War Training | 1 | |
| Armor | 1 | |
9 total
» buildings
| Altar of Kings | 2 | |
| Farm | 11 | |
| Lumber Mill | 1 | |
| Scout Tower | 63 | |
| Arcane Tower | 5 | |
| Guard Tower | 28 | |
| Arcane Vault | 2 | |
| Keep | 2 | |
| Castle | 1 | |
| Gryphon Aviary | 1 | |
| Arcane Sanctum | 1 | |
| Blacksmith | 1 | |
| Barracks | 1 | |
| Town Hall | 1 | |
120 total
» build order
00:09 Altar of Kings
00:11 Farm
00:51 Lumber Mill
00:58 Farm
01:06 Scout Tower
01:36 Arcane Tower
02:04 Scout Tower
02:35 Guard Tower
02:36 Scout Tower
02:43 Farm
02:46 Arcane Vault
03:05 Guard Tower
03:06 Scout Tower
03:29 Scout Tower
03:59 Guard Tower
04:03 Scout Tower
04:32 Scout Tower
04:36 Scout Tower
04:37 Guard Tower
04:40 Guard Tower
04:55 Keep
05:06 Scout Tower
05:07 Guard Tower
05:11 Arcane Tower
05:40 Guard Tower
05:41 Scout Tower
06:13 Guard Tower
06:14 Scout Tower
06:40 Scout Tower
06:42 Arcane Tower
07:09 Guard Tower
07:11 Scout Tower
07:57 Arcane Tower
07:59 Scout Tower
08:58 Guard Tower
08:59 Scout Tower
09:00 Scout Tower
09:00 Scout Tower
09:01 Scout Tower
09:02 Arcane Vault
09:04 Castle
09:08 Gryphon Aviary
09:11 Farm
09:12 Farm
10:21 Guard Tower
10:26 Farm
11:05 Farm
11:20 Arcane Tower
12:39 Scout Tower
12:40 Scout Tower
12:41 Scout Tower
13:12 Guard Tower
14:24 Guard Tower
14:27 Scout Tower
14:27 Scout Tower
14:28 Scout Tower
15:23 Guard Tower
15:42 Arcane Sanctum
15:50 Guard Tower
17:12 Scout Tower
17:13 Scout Tower
17:14 Scout Tower
17:15 Scout Tower
18:54 Guard Tower
19:00 Guard Tower
21:24 Blacksmith
21:27 Barracks
22:27 Scout Tower
22:29 Scout Tower
22:30 Scout Tower
22:31 Scout Tower
22:32 Scout Tower
22:33 Scout Tower
22:34 Scout Tower
22:35 Scout Tower
22:37 Scout Tower
22:37 Scout Tower
22:38 Scout Tower
22:40 Scout Tower
23:04 Guard Tower
23:23 Guard Tower
23:26 Scout Tower
23:27 Scout Tower
23:27 Scout Tower
23:28 Scout Tower
23:28 Scout Tower
23:28 Scout Tower
23:29 Scout Tower
23:29 Scout Tower
23:29 Scout Tower
23:30 Scout Tower
23:30 Scout Tower
23:31 Scout Tower
24:02 Guard Tower
24:43 Guard Tower
24:49 Town Hall
24:53 Scout Tower
24:54 Scout Tower
24:55 Scout Tower
24:56 Scout Tower
25:24 Guard Tower
25:43 Guard Tower
25:47 Guard Tower
25:53 Guard Tower
25:55 Scout Tower
25:56 Scout Tower
25:56 Scout Tower
25:57 Scout Tower
26:46 Guard Tower
27:35 Guard Tower
28:00 Scout Tower
28:05 Scout Tower
28:10 Scout Tower
28:44 Guard Tower
45:19 Farm
45:21 Farm
45:23 Altar of Kings
46:05 Farm
46:07 Farm
» items
| Boots of Speed | 3 | |
| Staff of Teleportation | 3 | |
| Scroll of Regeneration | 3 | |
| Lesser Clarity Potion | 3 | |
| Healing Salve | 2 | |
| Staff of Sanctuary | 3 | |
| Orb of Lightning | 2 | |
| Scroll of Speed | 1 | |
| Potion of Lesser Invulnerability | 2 | |
22 total
team 2 (loser)

»
Ballistics (
red | 68 APM | 3652 actions | 53:28)
7 Archmage
1 Summon Water Elemental
3 Brilliance Aura
3 Blizzard
4 Blood Mage
2 Flame Strike
1 Siphon Mana
1 Banish
3 Mountain King
2 Storm Bolt
1 Bash
» actions
| Assign group hotkey | 58 | |
| Basic commands | 37 | |
| Build / train | 129 | |
| Enter build submenu | 48 | |
| Enter hero's abilities submenu | 16 | |
| Give item / drop item | 6 | |
| Remove unit from queue | 3 | |
| Right click | 1499 | |
| Select / deselect | 717 | |
| Select group hotkey | 973 | |
| Use ability | 166 | |
3652 total
» units
| Peasant | 25 | |
| Footman | 4 | |
| Mortar Team | 17 | |
| Flying Machine | 11 | |
| Siege Engine | 2 | |
59 total
» upgrades
| Lumber Harvesting | 2 | |
| Masonry | 3 | |
| Fragmentation Shards | 1 | |
| Flare | 1 | |
| Gunpowder | 3 | |
| Barrage | 1 | |
| Plating | 3 | |
| Flak Cannons | 1 | |
| Flying Machine Bombs | 1 | |
| Magic Sentry | 1 | |
17 total
» buildings
| Farm | 9 | |
| Altar of Kings | 1 | |
| Barracks | 1 | |
| Scout Tower | 23 | |
| Keep | 1 | |
| Arcane Tower | 4 | |
| Lumber Mill | 1 | |
| Blacksmith | 1 | |
| Workshop | 2 | |
| Town Hall | 1 | |
| Guard Tower | 5 | |
| Castle | 1 | |
| Arcane Vault | 2 | |
| Arcane Sanctum | 1 | |
53 total
» build order
00:02 Farm
00:06 Altar of Kings
00:18 Barracks
00:51 Farm
02:25 Scout Tower
02:31 Farm
02:34 Farm
02:52 Keep
03:07 Arcane Tower
04:27 Lumber Mill
04:31 Blacksmith
05:44 Workshop
05:44 Workshop
05:48 Farm
05:49 Farm
06:43 Scout Tower
06:44 Scout Tower
06:46 Scout Tower
07:05 Town Hall
07:24 Guard Tower
09:16 Castle
10:47 Scout Tower
10:48 Scout Tower
11:02 Scout Tower
11:23 Scout Tower
11:23 Scout Tower
11:25 Scout Tower
11:36 Arcane Tower
11:38 Guard Tower
11:43 Scout Tower
11:43 Scout Tower
11:44 Scout Tower
11:48 Scout Tower
11:49 Scout Tower
11:53 Scout Tower
11:54 Scout Tower
12:16 Arcane Tower
12:18 Arcane Tower
12:19 Guard Tower
12:30 Guard Tower
14:37 Farm
14:38 Farm
14:40 Farm
15:48 Arcane Vault
15:58 Arcane Vault
18:16 Scout Tower
18:17 Scout Tower
18:17 Scout Tower
18:18 Scout Tower
18:20 Scout Tower
18:21 Scout Tower
19:09 Guard Tower
29:48 Arcane Sanctum
» items
| Tome of Retraining | 1 | |
| Potion of Healing | 7 | |
| Scroll of Regeneration | 5 | |
| Potion of Mana | 2 | |
| Mechanical Critter | 1 | |
| Scroll of Town Portal | 1 | |
| Potion of Invisibility | 1 | |
| Potion of Lesser Invulnerability | 2 | |
| Dust of Appearance | 1 | |
21 total
TeamVolturi (
blue | 107 APM | 5759 actions | 53:55)
6 Death Knight
3 Death Coil
2 Unholy Aura
1 Animate Dead
5 Lich
3 Frost Nova
2 Frost Armor
» actions
| Assign group hotkey | 35 | |
| Basic commands | 1 | |
| Build / train | 92 | |
| Enter build submenu | 25 | |
| Enter hero's abilities submenu | 11 | |
| Give item / drop item | 2 | |
| Remove unit from queue | 3 | |
| Right click | 3385 | |
| Select / deselect | 789 | |
| Select group hotkey | 1220 | |
| Use ability | 196 | |
5759 total
» units
| Acolyte | 18 | |
| Ghoul | 7 | |
| Crypt Fiend | 11 | |
| Obsidian Statue | 6 | |
| Meatwagon | 1 | |
43 total
» upgrades
| Burrow | 1 | |
| Web | 1 | |
| Destroyer Form | 1 | |
| Creature Carapace | 3 | |
| Creature Attack | 3 | |
| Freezing Breath | 1 | |
10 total
» buildings
| Crypt | 1 | |
| Graveyard | 1 | |
| Altar of Darkness | 1 | |
| Ziggurat | 10 | |
| Tomb of Relics | 1 | |
| Nerubian Tower | 3 | |
| Halls of the Dead | 1 | |
| Spirit Tower | 4 | |
| Slaughterhouse | 2 | |
| Black Citadel | 1 | |
| Necropolis | 1 | |
| Sacrificial Pit | 1 | |
| Boneyard | 2 | |
29 total
» build order
00:07 Crypt
00:10 Graveyard
00:44 Altar of Darkness
00:59 Ziggurat
01:38 Tomb of Relics
02:25 Ziggurat
02:43 Nerubian Tower
04:24 Halls of the Dead
05:59 Spirit Tower
06:53 Slaughterhouse
07:56 Black Citadel
09:05 Ziggurat
10:14 Slaughterhouse
11:59 Ziggurat
12:02 Spirit Tower
13:50 Ziggurat
13:53 Spirit Tower
17:10 Ziggurat
17:12 Nerubian Tower
21:37 Spirit Tower
30:32 Ziggurat
31:54 Necropolis
32:13 Sacrificial Pit
33:46 Boneyard
33:48 Boneyard
35:08 Ziggurat
35:10 Ziggurat
37:47 Nerubian Tower
39:32 Ziggurat
» items
| Rod of Necromancy | 1 | |
| Dust of Appearance | 2 | |
| Boots of Speed | 1 | |
| Orb of Corruption | 1 | |
| Potion of Mana | 2 | |
| Scroll of Healing | 2 | |
| Scroll of Town Portal | 2 | |
| Scroll of Protection | 1 | |
| Scroll of Regeneration | 1 | |
| Lesser Clarity Potion | 1 | |
14 total
Torture (
pink | 43 APM | 2332 actions | 54:43)
4 Priestess of the Moon
2 Trueshot Aura
2 Searing Arrows
» actions
| Assign group hotkey | 32 | |
| Basic commands | 75 | |
| Build / train | 85 | |
| ESC pressed | 10 | |
| Enter build submenu | 36 | |
| Enter hero's abilities submenu | 5 | |
| Right click | 849 | |
| Select / deselect | 479 | |
| Select group hotkey | 645 | |
| Use ability | 116 | |
2332 total
» units
| Wisp | 47 | |
| Huntress | 3 | |
| Hippogryph | 7 | |
| Chimaera | 12 | |
69 total
» upgrades
| Corrosive Breath | 1 | |
| Strength of the Wild | 2 | |
| Reinforced Hides | 1 | |
| Well Spring | 1 | |
5 total
» buildings
| Altar of Elders | 1 | |
| Moon Well | 10 | |
| Hunter's Hall | 1 | |
| Ancient of War | 2 | |
| Tree of Ages | 1 | |
| Tree of Life | 2 | |
| Ancient Protector | 15 | |
| Ancient of Wind | 1 | |
| Tree of Eternity | 1 | |
| Chimaera Roost | 2 | |
36 total
» build order
00:02 Altar of Elders
00:18 Moon Well
01:49 Hunter's Hall
01:52 Ancient of War
01:59 Ancient of War
02:12 Moon Well
03:06 Moon Well
03:33 Moon Well
05:06 Tree of Ages
06:14 Tree of Life
06:26 Ancient Protector
06:27 Ancient Protector
06:28 Ancient Protector
07:06 Ancient Protector
07:14 Ancient Protector
07:50 Ancient Protector
07:52 Ancient Protector
08:49 Ancient of Wind
09:50 Ancient Protector
10:01 Ancient Protector
10:34 Tree of Eternity
10:39 Moon Well
10:42 Moon Well
10:43 Moon Well
12:23 Ancient Protector
12:24 Ancient Protector
12:27 Ancient Protector
12:31 Ancient Protector
12:37 Ancient Protector
12:39 Ancient Protector
13:03 Chimaera Roost
13:25 Chimaera Roost
16:19 Moon Well
16:19 Moon Well
16:20 Moon Well
22:11 Tree of Life
» items
Chat log
(00:13 / All) TeamVolturi: Fuck you guys.
(00:18 / All) HORSEDlCK.avi: ok
(00:18 / All) FedexsASSFACE: ..
(00:20 / All) FedexsASSFACE: gl hf
(00:20 / All) TeamVolturi: You interupted my pizza.
(00:21 / All) Torture: LOL
(00:33 / All) Torture: I have never heard such slattery.
(00:42 / All) Torture: In all of my years.
(00:53 / All) TeamVolturi: Lies?
(00:56 / All) TeamVolturi: Or slander?
(01:11 / All) FedexsASSFACE: cocksucking
(01:17 / All) Torture: Do not make another attempt to psychoanalyze me.
(01:24 / All) Torture: I will be speaking to management about this.
(03:11 / All) TeamVolturi: Yellow you ho.
(03:18 / All) FedexsASSFACE: Fo sho\
(03:40 / All) Torture: Horse-dickery.
(04:30 / Allies) FedexsASSFACE: }|
(04:31 / All) FedexsASSFACE: gg?
(04:35 / All) TeamVolturi: Lol?
(04:36 / All) TeamVolturi: Rly?
(04:38 / All) Torture: Shut the fuck up you faggot.
(04:42 / All) gosu.: gg
(08:35 / All) Torture: ROFL?
(08:40 / All) FedexsASSFACE: O no
(08:54 / All) TeamVolturi: Ho shit.
(10:25 / All) gosu.: 2 e z
(10:38 / All) TeamVolturi: You gonna talk or you gonna play?
(10:42 / All) gosu.: 2 e z
(10:45 / All) FedexsASSFACE: 2ez
(10:50 / All) HORSEDlCK.avi: 2ez
(10:55 / All) gosu.: 2ez
(10:58 / All) Ballistics: guess i need more towers
(10:59 / All) Torture: 2ez
(11:05 / All) FedexsASSFACE: Ye
(11:12 / All) FedexsASSFACE: so we can get more free exp
(11:30 / All) Ballistics: from killing towers?
(11:38 / All) FedexsASSFACE: this just in:
(18:20 / All) Torture: What a fuckup.
(18:54 / All) Torture: Come on out orange.
(20:19 / All) Torture: 2ez
(20:29 / Allies) FedexsASSFACE: 2ez
(21:08 / All) Ballistics: gg?
(21:12 / All) Ballistics: LOL
(21:15 / All) FedexsASSFACE: GG
(21:26 / All) Torture: 2ez
(21:31 / All) FedexsASSFACE: OMg
(21:52 / All) Ballistics: free exp
(22:21 / All) Torture: Wow noobs.
(24:24 / All) Ballistics: ur bad
(25:00 / All) TeamVolturi: I lost a fiend you assface!
(26:34 / Allies) gosu.: need 200g for hero
(29:06 / Allies) gosu.: free wisps
(29:16 / All) Torture: ?
(29:17 / Allies) gosu.: lol
(30:18 / Allies) gosu.: 300g anyone?
(30:33 / Allies) gosu.: ye
(30:45 / Allies) gosu.: lol hes gotten like 150 gold out of that
(30:57 / Allies) gosu.: their mines are almost out though
(31:02 / Allies) gosu.: ye
(31:12 / Allies) gosu.: lolx
(31:32 / Allies) gosu.: should just keep killin em
(31:35 / Allies) gosu.: for free exp
(33:15 / All) gosu.: 2ez
(33:27 / Allies) gosu.: lol
(33:33 / All) gosu.: 2 e z
(33:36 / All) HORSEDlCK.avi: 2ez
(33:40 / All) FedexsASSFACE: gg
(33:49 / All) HORSEDlCK.avi: u lose
(34:04 / Allies) gosu.: free accos???
(34:08 / Allies) gosu.: o
(34:09 / Allies) gosu.: ff
(34:10 / Allies) gosu.: yea
(34:41 / Allies) gosu.: boned
(35:00 / Allies) gosu.: :C
(35:19 / All) gosu.: ty for the chim
(35:38 / Allies) gosu.: :C
(35:52 / Allies) gosu.: yea
(35:55 / Allies) gosu.: i need more mana
(35:57 / Allies) gosu.: before i go
(36:34 / Allies) gosu.: 6 acos
(36:36 / Allies) gosu.: loool
(36:41 / All) gosu.: 6 acos
(36:42 / All) gosu.: REAL pro
(36:47 / All) TeamVolturi: I'm tired.
(36:48 / All) gosu.: no wait
(36:49 / All) gosu.: 7!
(36:49 / All) TeamVolturi: Give me a break.
(36:51 / All) FedexsASSFACE: K
(36:57 / All) gosu.: kk you can leave
(37:04 / Allies) gosu.: hes invi
(37:07 / Allies) gosu.: right there
(37:08 / Allies) gosu.: ye
(37:27 / All) FedexsASSFACE: BoneYard
(37:33 / All) Torture: 1V1?
(37:36 / All) FedexsASSFACE: LOL
(37:36 / All) gosu.: ty
(37:37 / All) gosu.: for
(37:38 / All) gosu.: the hero
(38:00 / Allies) gosu.: danm i need mana
(38:02 / Allies) gosu.: dickface.
(38:23 / All) FedexsASSFACE: meat wagons
(38:27 / All) FedexsASSFACE: will prevail
(38:33 / All) FedexsASSFACE: where 24 morts have failed.
(38:39 / All) gosu.: yeha
(39:01 / Allies) gosu.: ye
(39:26 / All) gosu.: hey pink i like ur base.
(39:38 / Allies) gosu.: o
(39:49 / Allies) gosu.: hahahaha
(40:09 / Allies) gosu.: n tanks
(40:40 / All) Ballistics: ouch
(40:42 / Allies) gosu.: no monies
(41:16 / Allies) gosu.: i need 300
(41:18 / Allies) gosu.: for me hero
(41:20 / Allies) gosu.: but its fucked
(41:33 / Allies) gosu.: tavern
(41:34 / Allies) gosu.: plz
(41:35 / Allies) gosu.: auudh
(41:43 / Allies) gosu.: ye
(41:50 / Allies) gosu.: i need 40 lumb
(41:51 / Allies) gosu.: :C
(41:58 / Allies) gosu.: yay
(42:03 / Allies) gosu.: haha
(42:08 / Allies) gosu.: 1200
(42:10 / Allies) gosu.: nto enough.
(43:09 / Allies) gosu.: damn i need 500 from tavern
(43:23 / Allies) gosu.: :C
(43:25 / Allies) gosu.: ish
(43:26 / Allies) gosu.: amal
(43:51 / Allies) gosu.: not the fountain
(43:53 / Allies) gosu.: !!
(46:21 / Allies) gosu.: they are out too tho
(47:10 / Allies) gosu.: i think
(47:12 / Allies) gosu.: i would need money
(47:14 / Allies) gosu.: ok
(48:51 / Allies) gosu.: ye
(48:52 / Allies) gosu.: omw
(50:22 / All) gosu.: 2
(50:22 / All) gosu.: e
(50:23 / All) gosu.: z
(50:25 / All) HORSEDlCK.avi: 2ez
(50:30 / All) gosu.: byenoob
(50:40 / All) Ballistics: u leavin?
(50:46 / All) gosu.: bye
(50:47 / All) gosu.: noob
(51:08 / Allies) gosu.: o no
(51:09 / Allies) gosu.: damage.
(51:17 / Allies) gosu.: haha
(51:35 / All) TeamVolturi: This game was fun.
(51:44 / All) gosu.: eally
(51:45 / All) FedexsASSFACE: glad you enjoyed.
(51:47 / All) gosu.: i found it
(51:54 / All) gosu.: 2
(51:55 / All) gosu.: e
(51:56 / All) gosu.: z
(52:01 / All) TeamVolturi: Okay then ^.^
(52:16 / Allies) gosu.: yeh
(52:23 / Allies) gosu.: almost 6
(53:30 / All) gosu.: bye
(53:31 / All) gosu.: noob
(53:36 / All) TeamVolturi: Sigh..
(53:39 / All) FedexsASSFACE: 2ez
(53:40 / All) TeamVolturi: I did shit this game.
(53:40 / All) gosu.: b y e
(53:42 / All) gosu.: noob
(53:42 / All) HORSEDlCK.avi: bye
(53:54 / All) TeamVolturi: Pity you're all such faggots - good players, just... Incredibly sad.
(53:59 / Allies) gosu.: haha